 Dungeon Crawl Stone Soup version 0.28-a0-909-g796cbd3a86 (webtiles) character file.

Game seed: 12028753224655173457

38 bjtr the Digger (level 3, -8/24 HPs)
             Began as a Formicid Earth Elementalist on Nov 25, 2021.
             Mangled by Crazy Yiuf (17 damage)
             ... on level 2 of the Dungeon.
             The game lasted 00:06:15 (2238 turns).

bjtr the Digger (Formicid Earth Elementalist)       Turns: 2238, Time: 00:06:16

Health: -8/24      AC:  3    Str: 12    XL:     3   Next: 65%
Magic:  2/6        EV: 12    Int: 15    God:
Gold:   59         SH:  0    Dex: 11    Spells: 1/7 levels left

rFire   . . .      SeeInvis +   a - +0 short sword
rCold   . . .      Faith    .   (no shield)
rNeg    . . .      Spirit   .   b - +0 robe
rPois   .          Reflect  .   (helmet unavailable)
rElec   .          Harm     .   h - +0 cloak
rCorr   .          Rampage  .   (no gloves)
Will    .....                   (no boots)
Stlth   ++........              (no amulet)
HPRegen 0.08/turn               (no ring)
MPRegen 0.10/turn               (no ring)

@: no status effects
A: permanent stasis, dig shafts and tunnels, antennae 3, four strong arms
a: Dig, Shaft Self


You were on level 2 of the Dungeon.
You visited 1 branch of the dungeon, and saw 2 of its levels.

You collected 59 gold pieces.

Inventory:

Hand Weapons
 a - a +0 short sword (weapon)
Missiles
 c - 48 stones
 f - 21 sling bullets
 m - 11 poisoned darts
 n - a throwing net
Armour
 b - a +0 robe (worn)
 h - a +0 cloak (worn)
 j - a +0 chain mail
Scrolls
 i - a scroll of brand weapon {unknown}
 k - a scroll of teleportation {unknown}
Potions
 d - a potion of haste {unknown}
 e - a potion of lignification {unknown}
 l - a potion of flight {unknown}


   Skills:
 - Level 1.7 Dodging
 + Level 2.6 Stealth
 + Level 2.6 Spellcasting
 + Level 1.1 Transmutations
 * Level 4.9 Earth Magic


You had one spell level left.
You knew the following spells:

 Your Spells              Type           Power      Damage    Failure   Level
a - Sandblast             Erth           32%        2d9       2%          1
b - Passwall              Tmut/Erth      9%         N/A       9%          2
c - Stone Arrow           Conj/Erth      18%        3d8       22%         3

Your spell library contained the following spells:

 Spells                   Type           Power      Damage    Failure   Level
 Petrify                  Tmut/Erth      11%        N/A       52%         4


Dungeon Overview and Level Annotations

Branches:
Dungeon (2/15)

Altars:
Hepliaklqana

Annotations:
D:2 Crazy Yiuf


Innate Abilities, Weirdness & Mutations

You cannot be hasted, slowed, berserked, paralysed or teleported.
You can dig through walls and to a lower floor.
You have a pair of large antennae on your head. (SInv)
Your four strong arms can wield two-handed weapons with a shield.


Message History

You are confused.
Unknown command.
You feel better.
Crazy Yiuf hits you with a +4 quarterstaff of chaos!
Crazy Yiuf freezes you.
* * * LOW HITPOINT WARNING * * *
Crazy Yiuf whimpers, "Lay forty-two return to song!"
Casting: Sandblast (safe; 2% risk of failure)
Confirm with . or Enter, or press ? or * to list all spells.
Aiming: Sandblast (safe; 2% risk of failure)
Press: ? - help, Shift-Dir - straight line, f/p - Crazy Yiuf
Aim: Crazy Yiuf, wielding a +4 quarterstaff of chaos and wearing a +0 cloak (moderately wounded, 82% to hit)
The blast of sand hits Crazy Yiuf.
Crazy Yiuf is severely wounded.
Casting: Sandblast (safe; 2% risk of failure)
Confirm with . or Enter, or press ? or * to list all spells.
Aiming: Sandblast (safe; 2% risk of failure)
Press: ? - help, Shift-Dir - straight line, f/p - Crazy Yiuf
Aim: Crazy Yiuf, wielding a +4 quarterstaff of chaos and wearing a +0 cloak (severely wounded, 82% to hit)
The blast of sand hits Crazy Yiuf but does no damage.
Crazy Yiuf is severely wounded.
Crazy Yiuf closely misses you.
Casting: Sandblast (safe; 2% risk of failure)
Confirm with . or Enter, or press ? or * to list all spells.
Aiming: Sandblast (safe; 2% risk of failure)
Press: ? - help, Shift-Dir - straight line, f/p - Crazy Yiuf
Aim: Crazy Yiuf, wielding a +4 quarterstaff of chaos and wearing a +0 cloak (severely wounded, 82% to hit)
The blast of sand hits Crazy Yiuf.
Crazy Yiuf is severely wounded.
Crazy Yiuf barely misses you.
Casting: Sandblast (safe; 2% risk of failure)
Confirm with . or Enter, or press ? or * to list all spells.
Aiming: Sandblast (safe; 2% risk of failure)
Press: ? - help, Shift-Dir - straight line, f/p - Crazy Yiuf
Aim: Crazy Yiuf, wielding a +4 quarterstaff of chaos and wearing a +0 cloak (severely wounded, 82% to hit)
The blast of sand hits Crazy Yiuf.
Crazy Yiuf is almost dead.
Crazy Yiuf hits you with a +4 quarterstaff of chaos!
Ouch! That really hurt!
You die...

#.# #.#..####.# #.###...#..#.##.
##.###.#..####.###..........#.##.
.................................
######.#..####..######...........
...# #.#....................#.#.#
...###.#..####....#######...#.#.#
...+...#..####....####......#.#.#
...####.....................#.#.#
...# #...####..@.####.#.#>.#.#..
_..# #...# #..g<####.#.#.......
...# #...####...................
...# #...........##.............
#..####.#.####...#...............
.....##.#.####.#.###.#.#....###..
........#.##.#.#.....#.#....# #..
.########.##.#..............###..
.########.##.#...#...#.##........


You could see Crazy Yiuf.

Vanquished Creatures
  3 dart slugs (D:1)
  2 endoplasms (D:1)
  3 goblins
  5 hobgoblins
  A jackal (D:1)
  2 kobolds
  A quokka (D:2)
  6 ball pythons
  3 bats
  4 rats
30 creatures vanquished.

Notes
Turn   | Place    | Note
-------+----------+-------------------------------------------
     0 | D:1      | bjtr the Formicid Earth Elementalist began the quest for
                  | the Orb.
     0 | D:1      | Reached XP level 1. HP: 13/13 MP: 3/3
    33 | D:1      | Found a faded altar of an unknown god.
    56 | D:1      | Reached skill level 4 in Earth Magic
   315 | D:1      | Reached XP level 2. HP: 18/19 MP: 5/5
   318 | D:1      | Learned a level 2 spell: Passwall
   936 | D:1      | Reached XP level 3. HP: 24/24 MP: 2/6
  1349 | D:1      | Learned a level 3 spell: Stone Arrow
  1988 | D:2      | Found a hazy altar of Hepliaklqana.
  2211 | D:2      | Found a runed translucent door.
  2212 | D:2      | Noticed Crazy Yiuf
  2238 | D:2      | Mangled by Crazy Yiuf

Illustrated notes

Levels and vault maps discovered:
D:1:      amcnicky_arrival_wind_blow, layout_loops_ring,
          ebering_ecumenical_altar_hall, minmay_tripent
D:2:      layout_basic, basic_altar, kennysheep_nub, minmay_misc_feat_hallway,
          kennysheep_big_empty_room, uniq_crazy_yiuf_cottage

Skill      XL: |  1 |
---------------+----+-----
Earth Magic    | 4 |  4.9
Dodging        | |  1.7
Stealth        | |  2.6
Spellcasting   | |  2.6
Transmutations | |  1.1

Action                   || total
-------------------------++-------
Melee: Short sword       ||    64
 Cast: Sandblast         ||    26
 Abil: Dig               ||     1
  Use: Scroll            ||     5
       Potion            ||     1
 Stab: Sleeping          ||     4
Armor: Robe              ||     9
Dodge: Dodged            ||    43

Table legend: (Time is in decaauts)
 A = Elapsed time spent in this place.
 B = Non-inter-level travel time spent in this place.
 C = Inter-level travel time spent in this place.
 D = Time resting spent in this place.
 E = Time spent auto-exploring this place.
 F = Levels seen in this place.
 G = Mean time per level.
                   A        B        C        D        E       F      G
               +--------+--------+--------+--------+--------+-----+--------+
         Total |   2245 |   2239 |      6 |    365 |   1508 |   2 | 1122.5 |
       Dungeon |   2245 |   2239 |      6 |    365 |   1508 |   2 | 1122.5 |
               +--------+--------+--------+--------+--------+-----+--------+

Top non-repeatable levels by time:
     D:1: 1360 daAuts
     D:2: 884 daAuts
